 Dungeon Crawl Stone Soup version 0.24-a0-271-ga0fc33f (webtiles) character file.

Game seed: 4745146167796126793

168 nikopol the Magician (level 5, -1/28 HPs)
             Began as a Deep Elf Fire Elementalist on Apr 23, 2019.
             Slain by an orc wizard
             ... wielding a +0 dagger
              (4 damage)
             ... on level 2 of the Dungeon.
             The game lasted 00:07:25 (2033 turns).

nikopol the Magician (Deep Elf Fire Elementalist)   Turns: 2033, Time: 00:07:25

Health: -1/28      AC:  3    Str:  5    XL:     5   Next: 24%
Magic:  14/14      EV: 13    Int: 21    God:
Gold:   75         SH:  6    Dex: 15    Spells: 3/13 levels left

rFire    . . .     SeeInvis .   (no weapon)
rCold    . . .     Gourm    .   e - +2 buckler
rNeg     . . .     Faith    .   a - +0 robe
rPois    .         Spirit   .   (no helmet)
rElec    .         Reflect  .   (no cloak)
rCorr    .         Harm     .   g - +0 pair of gloves
MR       .....                  (no boots)
Stlth    ++........             (no amulet)
HPRegen  0.09/turn              (no ring)
MPRegen  0.14/turn              (no ring)

@: no status effects
A: no striking features
a: no special abilities


You were on level 2 of the Dungeon.
You were not hungry.

You visited 1 branch of the dungeon, and saw 3 of its levels.

You collected 75 gold pieces.

Inventory:

Armour
 a - a +0 robe (worn)
 e - a +2 buckler (worn)
 g - a +0 pair of gloves (worn)
Jewellery
 d - a +2 ring of strength {unknown}
Scrolls
 b - 2 scrolls of enchant weapon {unknown}
 h - 3 scrolls of identify {unknown}
 i - 2 scrolls of remove curse {unknown}
Potions
 f - a potion of resistance {unknown}
 j - 2 potions of mutation {unknown}
 k - 2 potions of haste {unknown}
Comestibles
 c - 4 rations


   Skills:
 + Level 3.0 Dodging
 + Level 2.7 Stealth
 * Level 1.3 Shields
 + Level 4.7 Spellcasting
 + Level 2.2 Conjurations
 + Level 4.4 Fire Magic


You had 3 spell levels left.
You knew the following spells:

 Your Spells              Type           Power        Failure   Level  Hunger
a - Flame Tongue          Conj/Fire      ###..        4%          1    None
b - Throw Flame           Conj/Fire      ###...       6%          2    None
c - Conjure Flame         Conj/Fire      ###.....     12%         3    ##.....
d - Sticky Flame          Conj/Fire      ###.....     36%         4    ####...

Your spell library contained the following spells:

 Spells                   Type           Power        Failure   Level  Hunger
 Inner Flame              Hex/Fire       ##......     19%         3    ##.....
 Fireball                 Conj/Fire      ###.......   73%         5    #####..


Dungeon Overview and Level Annotations

Branches:
Dungeon (3/15)

Altars:
Wu Jian
Zin


Message History

You climb upwards.
Reactivating autopickup.
There is a stone staircase leading down here.
You're too confused to move!
The rat misses you.
You hear some strange, mumbled words.
Deactivating autopickup; reactivate with Ctrl-A.
Something tries to affect you, but you resist.
Something hits you.
* * * LOW HITPOINT WARNING * * *
You see here a giant cockroach corpse.
You bump into the rock wall.
You feel less confused. The rat misses you. Something hits you.
* * * LOW HITPOINT WARNING * * *
You hit something but do no damage. The rat closely misses you.
Something barely misses you.
You barely miss something. The rat completely misses you. Something hits you.
* * * LOW HITPOINT WARNING * * *
The rat barely misses you. Something hits you.
You die...

########## #†@......# ###
#r.......# #.. #........#
#.. #.[......# #..
######........########..
##...............#.......
##..####...>........####..
#..## #.............###..
##.## ######.#..#.#......


You could see a rat.

Vanquished Creatures
  2 orc wizards (D:2)
  2 adders (D:3)
  A gnoll (D:1)
  A worm (D:3)
  2 dart slugs (D:2)
  3 leopard geckos
  6 orcs (D:3)
  3 giant cockroaches
  9 goblins
  7 hobgoblins
  3 jackals (D:1)
  3 quokkas
  8 bats
  2 frilled lizards
  5 kobolds (D:2)
  7 rats
64 creatures vanquished.

Notes
Turn   | Place    | Note
-------+----------+-------------------------------------------
     0 | D:1      | nikopol the Deep Elf Fire Elementalist began the quest for
                  | the Orb.
     0 | D:1      | Reached XP level 1. HP: 10/10 MP: 6/6
   293 | D:1      | Reached XP level 2. HP: 15/15 MP: 6/8
   558 | D:1      | Reached XP level 3. HP: 19/19 MP: 8/10
   562 | D:1      | Learned a level 2 spell: Throw Flame
   566 | D:1      | Learned a level 3 spell: Conjure Flame
  1130 | D:2      | Found a glowing silver altar of Zin.
  1224 | D:2      | Found an ornate altar of the Wu Jian Council.
  1556 | D:3      | Reached XP level 4. HP: 24/24 MP: 6/11
  1562 | D:3      | Learned a level 4 spell: Sticky Flame
  1760 | D:3      | Reached skill level 1 in Shields
  1791 | D:3      | Noticed an ice beast
  1860 | D:2      | Reached XP level 5. HP: 23/28 MP: 0/13
  2033 | D:2      | Slain by an orc wizard

Levels and vault maps discovered:
D:1:      ncdulo_halloftheorcs, layout_rooms, due_unseen_surprise
D:2:      layout_rooms, nicolae_overflow_crystal_walls, lemuel_round_altar
D:3:      layout_basic, grunt_temple_overflow_open, first_ration

Skill      XL: |  1  2  3  4 |
---------------+-------------+-----
Fire Magic     | 4 |  4.4
Dodging        | 3 |  3.0
Spellcasting   | 4 |  4.7
Shields        | 1 |  1.3
Conjurations   | 2 |  2.2
Stealth        | |  2.7

Action                   |  1- 3 |  4- 6 || total
-------------------------+-------+-------++-------
Melee: Unarmed           |       |     4 ||     4
 Cast: Flame Tongue      |    76 |    37 ||   113
       Throw Flame       |       |     6 ||     6
  Eat: Chunk             |     1 |     2 ||     3
Armor: Robe              |     8 |     5 ||    13
Dodge: Dodged            |    19 |    25 ||    44
Block: Buckler           |     4 |     3 ||     7

Table legend:
 A = Non-vault XP
 B = Vault XP
 C = Vault XP percentage of total XP
 D = Non-vault monster count
 E = Vault monster count
 F = Vault count percentage of total count
                 A         B        C        D         E       F
            +---------+---------+-------+---------+---------+-------
      Total |     241 |       0 |   0.0 |      64 |       0 |   0.0
            +---------+---------+-------+---------+---------+-------
        D:1 |      42 |       0 |   0.0 |      17 |       0 |   0.0
        D:2 |     134 |       0 |   0.0 |      28 |       0 |   0.0
        D:3 |      65 |       0 |   0.0 |      19 |       0 |   0.0
            +---------+---------+-------+---------+---------+-------
